Flames vs Penguins
Created - 15 janvier 2014 at 23:49
Goals
|
| Flames |
0 |
1 |
1 |
2 |
| Penguins |
0 |
1 |
2 |
3 |
|
Shots
|
| Flames |
8 |
9 |
11 |
28 |
| Penguins |
11 |
7 |
9 |
27 |
|
1st period
No Goal
Penalties :
Eric Staal (Cal) for Tripping (Minor) at 5:19
2nd period
1. Flames , Mark Bell 12 (Josef Vasicek) at 10:06
2. Penguins , Ted Purcell 15 (Steve Staios, Darren Reid) at 15:16 (PP)
Penalties :
Mark Bell (Cal) for Hooking (Minor) at 2:25, Taylor Pyatt (Pit) for Fighting (Major) at 10:19, Niklas Kronwall (Cal) for Fighting (Major) at 10:19, Niklas Kronwall (Cal) for instigated a fight (Minor) at 10:19, Niklas Kronwall (Cal) for instigated a fight (10 Minutes Misconduct) at 10:19, Eric Staal (Cal) for Holding (Minor) at 15:05, Steve Staios (Pit) for Cross-checking (Minor) at 15:59
3rd period
3. Penguins , Steven Reinprecht 3 (Ville Peltonen) at 3:49
4. Penguins , Jere Lehtinen 2 (Steven Reinprecht, Ville Peltonen) at 6:44 (PP)
5. Flames , Jordin Tootoo 10 (Derek Meech, David Backes) at 7:51
Penalties :
Alexander Semin (Cal) for Cross-checking (Minor) at 5:39, Denis Arkhipov (Pit) for Hooking (Minor) at 16:09
Goalie Stats
Pekka Rinne (Cal), 24 saves from 27 shots - (0,889), L, 14-10-1, 59:09 minutes
Brian Elliott (Pit), 26 saves from 28 shots - (0,929), W, 12-4-6, 60:00 minutes
Players Stats for Flames
Player Name G A P +/- PIM S H SB GA TA FO MP PP MP PK MP
------------------------------------------------------------------------------------
Alexander Semin 0 0 0 0 2 2 1 0 0 1 1/3 19:58 2:00 1:36
Andrej Sekera 0 0 0 0 0 0 0 2 0 0 0/0 16:38 1:30 1:24
Branko Radivojevic 0 0 0 0 0 1 2 0 0 0 0/0 8:56 0:00 0:00
David Backes 0 1 1 -1 0 1 3 0 0 1 1/1 14:23 2:00 0:00
Derek Meech 0 1 1 1 0 0 1 0 0 0 0/0 19:50 2:28 2:45
Eric Staal 0 0 0 0 4 7 2 0 0 0 13/27 20:07 2:00 1:41
François Beauchemin 0 0 0 1 0 1 0 2 0 2 0/0 23:25 2:03 2:30
Jordin Tootoo 1 0 1 2 0 2 2 0 0 0 0/0 12:26 0:00 1:15
Josef Vasicek 0 1 1 2 0 3 3 0 0 1 3/8 13:26 1:58 0:25
Marcel Goc 0 0 0 0 0 2 1 0 0 0 0/0 8:43 0:00 0:00
Mark Bell 1 0 1 2 2 3 1 0 0 1 0/0 13:10 1:58 0:15
Michal Handzus 0 0 0 -1 0 1 3 1 0 0 7/15 16:38 0:00 3:58
Mike Leclerc 0 0 0 0 0 1 1 0 0 0 0/0 12:08 0:00 3:09
Milan Hejduk 0 0 0 0 0 1 2 1 1 0 1/2 18:09 1:58 0:00
Niklas Kronwall 0 0 0 0 17 0 2 1 0 0 0/0 17:15 1:12 0:32
Petr Schastlivy 0 0 0 -1 0 1 2 0 0 0 0/0 14:39 0:00 2:07
Ron Hainsey 0 0 0 0 0 2 1 2 0 0 0/0 18:49 0:43 3:56
Steve Eminger 0 0 0 0 0 0 1 1 1 1 0/0 24:02 0:00 3:19
Players Stats for Penguins
Player Name G A P +/- PIM S H SB GA TA FO MP PP MP PK MP
------------------------------------------------------------------------------------
Andy Sutton 0 0 0 -1 0 0 3 0 0 0 0/0 20:50 2:37 1:45
Brooks Orpik 0 0 0 0 0 3 4 2 0 0 0/0 25:45 4:28 2:13
Carlo Colaiacovo 0 0 0 0 0 0 1 0 0 0 0/0 7:04 0:35 0:17
Dainius Zubrus 0 0 0 -1 0 2 0 0 0 0 0/0 8:34 0:56 0:00
Dan Hamhuis 0 0 0 -1 0 0 1 1 0 0 0/0 18:41 2:37 1:45
Darren Reid 0 1 1 0 0 0 1 2 2 1 1/1 23:50 2:53 2:20
Denis Arkhipov 0 0 0 -1 2 1 1 0 1 0 4/6 13:50 0:36 0:42
Dennis Seidenberg 0 0 0 0 0 0 0 0 0 0 0/0 5:12 0:00 0:00
Jere Lehtinen 1 0 1 0 0 2 1 0 0 0 0/0 19:00 2:51 1:08
Marc-Édouard Vlasic 0 0 0 0 0 0 0 0 0 0 0/0 10:42 0:00 0:28
Mike Watt 0 0 0 -1 0 2 1 0 0 0 0/0 13:44 0:22 0:14
Ryan Kesler 0 0 0 0 0 5 0 0 0 0 14/32 23:13 2:47 2:21
Steve Staios 0 1 1 0 2 3 1 0 1 1 0/0 24:52 4:20 1:28
Steven Reinprecht 1 1 2 1 0 3 3 0 2 0 7/12 18:33 2:59 0:03
Taylor Pyatt 0 0 0 0 5 0 0 0 0 0 2/3 16:53 2:02 1:08
Ted Purcell 1 0 1 -1 0 3 2 0 0 0 1/1 16:17 2:29 0:00
Tom Preissing 0 0 0 0 0 1 0 0 1 0 0/0 11:13 0:34 0:00
Ville Peltonen 0 2 2 0 0 2 1 0 0 0 1/1 17:46 2:59 0:00
3 Stars
1 - Steven Reinprecht (Pit)
2 - Jordin Tootoo (Cal)
3 - Josef Vasicek (Cal)
Power Play
Flames - 0 on 2 Attempt(s) - 0,00%
Penguins - 2 on 5 Attempt(s) - 40,00%
Penalty Kill
Flames - 3 on 5 Attempt(s) - 60,00%
- Score 0 goal in Penalty Kill
Penguins - 2 on 2 Attempt(s) - 100,00%
- Score 0 goal in Penalty Kill
Official
Referees : Fraser Kerry and Martell Rob
Linesman : Mark Shewchyk and Jay Sharrers
Game Notes
Taylor Pyatt and Niklas Kronwall fight to a draw at 10:19 of 2nd period
Finance
Level 1 -- Attendance: 6000 (100,00%) -- Ticket Income 486 000 $
Level 2 -- Attendance: 5000 (100,00%) -- Ticket Income 200 000 $
Level 3 -- Attendance: 1975 (98,75%) -- Ticket Income 47 400 $
Level 4 -- Attendance: 4000 (100,00%) -- Ticket Income 68 000 $
Luxury Box -- Attendance: 885 (88,50%) -- Ticket Income 146 025 $
Game was played at the Igloo
Total Attendance: 17860 (99,22%)
Total Ticket Income: 947 425 $
Other Income: 142 114 $
Total Income: 1 089 539 $
Flames
5 vs 5 Forward
Center Left Wing Right Wing Time % Phy DF OF
1 Eric Staal Alexander Semin Milan Hejduk 40 1 2 2
2 Michal Handzus Petr Schastlivy David Backes 30 1 2 2
3 Josef Vasicek Mark Bell Jordin Tootoo 20 1 2 2
4 Marcel Goc Mike Leclerc Branko Radivojevic 10 1 2 2
5 vs 5 Defense
Defense Defense Time % Phy DF OF
1 Niklas Kronwall Steve Eminger 40 1 2 2
2 François Beauchemin Derek Meech 30 1 2 2
3 Andrej Sekera Ron Hainsey 20 1 2 2
4 François Beauchemin Steve Eminger 10 1 2 2
PowerPlay Forward
Center Left Wing Right Wing Time % Phy DF OF
1 Eric Staal Alexander Semin David Backes 60 1 1 3
2 Josef Vasicek Mark Bell Milan Hejduk 40 1 1 3
PowerPlay Defense
Defense Defense Time % Phy DF OF
1 Niklas Kronwall Derek Meech 60 1 1 3
2 François Beauchemin Andrej Sekera 40 1 1 3
Penalty Kill 4 Players Forward
Center Wing Time % Phy DF OF
1 Michal Handzus Mike Leclerc 60 1 3 1
2 Eric Staal Petr Schastlivy 40 1 3 1
Penalty Kill 4 Players Defense
Defense Defense Time % Phy DF OF
1 Ron Hainsey Steve Eminger 60 1 3 1
2 François Beauchemin Derek Meech 40 1 3 1
Penalty Kill - 3 Players Forward
Forward Time % Phy DF OF
1 Michal Handzus 60 1 3 1
2 Eric Staal 40 1 3 1
Penalty Kill - 3 Players Defense
Defense Defense Time % Phy DF OF
1 Ron Hainsey Steve Eminger 60 1 4 0
2 François Beauchemin Derek Meech 40 1 4 0
4 vs 4 Forward
Center Wing Time % Phy DF OF
1 Eric Staal Alexander Semin 60 1 2 2
2 Michal Handzus Milan Hejduk 40 1 2 2
4 vs 4 Defense
Defense Defense Time % Phy DF OF
1 Niklas Kronwall Steve Eminger 60 1 2 2
2 François Beauchemin Derek Meech 40 1 2 2
Last Minutes Offensive
Center Left Wing Right Wing Defense Defense
Eric Staal Alexander Semin David Backes Niklas Kronwall Steve Eminger
Last Minutes Defensive
Center Left Wing Right Wing Defense Defense
Eric Staal Mike Leclerc David Backes François Beauchemin Steve Eminger
Goaltenders
Starting : Pekka Rinne
Backup : Craig Anderson
Extra Forwards
Normal : Milan Hejduk, Mark Bell, Josef Vasicek - PP : Milan Hejduk, Marcel Goc - PK : Jordin Tootoo
Extra Defensemen
Normal : François Beauchemin, Derek Meech, Andrej Sekera - PP : François Beauchemin - PK : François Beauchemin, Derek Meech
Penalty Shots
Eric Staal, David Backes, Alexander Semin, Milan Hejduk, Marcel Goc
Penguins
5 vs 5 Forward
Center Left Wing Right Wing Time % Phy DF OF
1 Ryan Kesler Taylor Pyatt Darren Reid 40 1 2 2
2 Steven Reinprecht Ville Peltonen Jere Lehtinen 30 1 2 2
3 Denis Arkhipov Mike Watt Ted Purcell 20 1 2 2
4 Ryan Kesler Darren Reid Dainius Zubrus 10 1 2 2
5 vs 5 Defense
Defense Defense Time % Phy DF OF
1 Brooks Orpik Steve Staios 40 1 2 2
2 Dan Hamhuis Andy Sutton 30 1 2 2
3 Tom Preissing Marc-Édouard Vlasic 20 1 2 2
4 Carlo Colaiacovo Dennis Seidenberg 10 1 2 2
PowerPlay Forward
Center Left Wing Right Wing Time % Phy DF OF
1 Ryan Kesler Taylor Pyatt Darren Reid 60 1 2 2
2 Steven Reinprecht Ville Peltonen Jere Lehtinen 40 1 2 2
PowerPlay Defense
Defense Defense Time % Phy DF OF
1 Brooks Orpik Steve Staios 60 1 2 2
2 Dan Hamhuis Andy Sutton 40 1 2 2
Penalty Kill 4 Players Forward
Center Wing Time % Phy DF OF
1 Ryan Kesler Darren Reid 60 1 2 2
2 Taylor Pyatt Jere Lehtinen 40 1 2 2
Penalty Kill 4 Players Defense
Defense Defense Time % Phy DF OF
1 Brooks Orpik Steve Staios 60 1 2 2
2 Dan Hamhuis Andy Sutton 40 1 2 2
Penalty Kill - 3 Players Forward
Forward Time % Phy DF OF
1 Ryan Kesler 60 1 2 2
2 Darren Reid 40 1 2 2
Penalty Kill - 3 Players Defense
Defense Defense Time % Phy DF OF
1 Brooks Orpik Steve Staios 60 1 2 2
2 Dan Hamhuis Andy Sutton 40 1 2 2
4 vs 4 Forward
Center Wing Time % Phy DF OF
1 Ryan Kesler Darren Reid 60 1 2 2
2 Taylor Pyatt Jere Lehtinen 40 1 2 2
4 vs 4 Defense
Defense Defense Time % Phy DF OF
1 Brooks Orpik Steve Staios 60 1 2 2
2 Dan Hamhuis Andy Sutton 40 1 2 2
Last Minutes Offensive
Center Left Wing Right Wing Defense Defense
Ryan Kesler Taylor Pyatt Darren Reid Brooks Orpik Steve Staios
Last Minutes Defensive
Center Left Wing Right Wing Defense Defense
Ryan Kesler Taylor Pyatt Darren Reid Brooks Orpik Steve Staios
Goaltenders
Starting : Brian Elliott
Backup : Ondrej Pavelec
Extra Forwards
Normal : Ted Purcell, Dainius Zubrus, Denis Arkhipov - PP : Ted Purcell, Dainius Zubrus - PK : Denis Arkhipov
Extra Defensemen
Normal : Tom Preissing, Marc-Édouard Vlasic, Carlo Colaiacovo - PP : Tom Preissing - PK : Marc-Édouard Vlasic, Carlo Colaiacovo
Penalty Shots
Ryan Kesler, Darren Reid, Taylor Pyatt, Jere Lehtinen, Ville Peltonen
% Time on Ice - Flames
Lines # - Real PCT - Wanted PCT - Time Play
Normal Forward
1 - 33% - 40% - 15:34
2 - 26% - 30% - 12:35
3 - 23% - 20% - 10:52
4 - 18% - 10% - 8:43
Normal Defense
1 - 41% - 40% - 19:28
2 - 30% - 30% - 14:12
3 - 25% - 20% - 11:44
4 - 5% - 10% - 2:20
PP Forward
1 - 50% - 60% - 2:00
2 - 50% - 40% - 1:58
PP Defense
1 - 80% - 60% - 3:11
2 - 20% - 40% - 0:47
PK Forward
1 - 71% - 60% - 5:06
2 - 29% - 40% - 2:07
PK Defense
1 - 58% - 60% - 4:11
2 - 42% - 40% - 3:02
PK3 Forward
1 - 0% - 60%
2 - 0% - 40%
PK3 Defense
1 - 0% - 60%
2 - 0% - 40%
44 Forward
1 - 0% - 60%
2 - 0% - 40%
44 Defense
1 - 0% - 60%
2 - 0% - 40%
Last Minute Offensive - 1:05
Last Minute Defensive - 0:00
Total
Forward - 60:00
Defense - 60:00
|
% Time on Ice - Penguins
Lines # - Real PCT - Wanted PCT - Time Play
Normal Forward
1 - 33% - 40% - 15:47
2 - 32% - 30% - 15:13
3 - 25% - 20% - 12:09
4 - 10% - 10% - 4:38
Normal Defense
1 - 40% - 40% - 19:04
2 - 30% - 30% - 14:16
3 - 19% - 20% - 9:15
4 - 11% - 10% - 5:12
PP Forward
1 - 59% - 60% - 4:14
2 - 41% - 40% - 2:59
PP Defense
1 - 64% - 60% - 4:36
2 - 36% - 40% - 2:37
PK Forward
1 - 71% - 60% - 2:50
2 - 29% - 40% - 1:08
PK Defense
1 - 56% - 60% - 2:13
2 - 44% - 40% - 1:45
PK3 Forward
1 - 0% - 60%
2 - 0% - 40%
PK3 Defense
1 - 0% - 60%
2 - 0% - 40%
44 Forward
1 - 0% - 60%
2 - 0% - 40%
44 Defense
1 - 0% - 60%
2 - 0% - 40%
Last Minute Offensive - 0:00
Last Minute Defensive - 1:02
Total
Forward - 60:00
Defense - 60:00
|
Play by Play
1st period
0:01 of 1st period - Ryan Kesler wins face-off versus Eric Staal in neutral zone.
0:04 of 1st period - Snap shot by Ryan Kesler.
0:04 of 1st period - Deflect By Taylor Pyatt.
0:04 of 1st period - Shot Blocked by Niklas Kronwall.
0:04 of 1st period - Puck is out of play.
0:05 of 1st period - Milan Hejduk wins face-off versus Ryan Kesler in Flames zone.
0:12 of 1st period - Taylor Pyatt is hit by Niklas Kronwall.
0:49 of 1st period - Icing by David Backes.
0:50 of 1st period - Denis Arkhipov wins face-off versus Josef Vasicek in Flames zone.
1:31 of 1st period - Ryan Kesler is hit by Marcel Goc and loses puck.
1:46 of 1st period - Snap shot by Dainius Zubrus.
1:46 of 1st period - Stopped by Pekka Rinne with a rebound.
1:48 of 1st period - Wrist shot by Dainius Zubrus.
1:48 of 1st period - Stopped by Pekka Rinne with a rebound.
2:04 of 1st period - Marcel Goc is hit by Andy Sutton and loses puck.
3:08 of 1st period - Snap shot by Marcel Goc.
3:08 of 1st period - Stopped by Brian Elliott with a rebound.
3:22 of 1st period - Backhand shot by Branko Radivojevic.
3:22 of 1st period - Shot Misses the Net.
3:36 of 1st period - Dainius Zubrus is hit by Mike Leclerc and loses puck.
3:49 of 1st period - Snap shot by Darren Reid.
3:49 of 1st period - Deflect By Ryan Kesler.
3:49 of 1st period - Shot Blocked by Steve Eminger.
3:49 of 1st period - Puck is out of play.
3:50 of 1st period - Eric Staal wins face-off versus Steven Reinprecht in Flames zone.
4:15 of 1st period - François Beauchemin is hit by Brooks Orpik and loses puck.
4:34 of 1st period - Brooks Orpik is hit by Josef Vasicek and loses puck.
4:39 of 1st period - Snap shot by Josef Vasicek.
4:39 of 1st period - Deflect By Mark Bell.
4:39 of 1st period - Shot Misses the Net.
4:39 of 1st period - Puck is out of play.
4:40 of 1st period - Steven Reinprecht wins face-off versus Josef Vasicek in Penguins zone.
5:09 of 1st period - Wrist shot by Eric Staal.
5:09 of 1st period - Stopped by Brian Elliott with a rebound.
5:19 of 1st period - Minor Penalty to Eric Staal for Tripping.
5:20 of 1st period - Michal Handzus wins face-off versus Steven Reinprecht in Flames zone.
5:33 of 1st period - Backhand shot by Petr Schastlivy.
5:33 of 1st period - Shot Misses the Net.
5:35 of 1st period - Slapshot by Derek Meech.
5:35 of 1st period - Shot Blocked by Brooks Orpik.
6:10 of 1st period - Jordin Tootoo is hit by Carlo Colaiacovo and loses puck.
6:45 of 1st period - Derek Meech is hit by Brooks Orpik and loses puck.
7:19 of 1st period - Penalty to Eric Staal is over, Eric Staal is back on ice.
9:02 of 1st period - Tom Preissing is hit by Niklas Kronwall and loses puck.
11:38 of 1st period - Tom Preissing is hit by Josef Vasicek and loses puck.
13:00 of 1st period - Steven Reinprecht is hit by Josef Vasicek and loses puck.
13:23 of 1st period - Snap shot by Alexander Semin.
13:23 of 1st period - Shot Misses the Net.
13:45 of 1st period - Snap shot by Branko Radivojevic.
13:45 of 1st period - Stopped by Brian Elliott with a rebound.
14:23 of 1st period - Slapshot by Eric Staal.
14:23 of 1st period - Stopped by Brian Elliott with a rebound.
15:40 of 1st period - Slapshot by Marcel Goc.
15:40 of 1st period - Stopped by Brian Elliott without a rebound.
15:41 of 1st period - Steven Reinprecht wins face-off versus Eric Staal in Penguins zone.
15:44 of 1st period - Wrist shot by Eric Staal.
15:44 of 1st period - Stopped by Brian Elliott with a rebound.
15:46 of 1st period - Wrist shot by Milan Hejduk.
15:46 of 1st period - Shot Misses the Net.
16:04 of 1st period - Slapshot by Steven Reinprecht.
16:04 of 1st period - Shot Misses the Net.
16:06 of 1st period - Snap shot by Brooks Orpik.
16:06 of 1st period - Stopped by Pekka Rinne without a rebound.
16:07 of 1st period - Denis Arkhipov wins face-off versus Michal Handzus in Flames zone.
16:14 of 1st period - Wrist shot by Mike Watt.
16:14 of 1st period - Deflect By Ted Purcell.
16:14 of 1st period - Stopped by Pekka Rinne with a rebound.
16:24 of 1st period - Snap shot by David Backes.
16:24 of 1st period - Stopped by Brian Elliott without a rebound.
16:25 of 1st period - Eric Staal wins face-off versus Ryan Kesler in Penguins zone.
16:49 of 1st period - Snap shot by Ted Purcell.
16:49 of 1st period - Shot Blocked by Andrej Sekera.
17:11 of 1st period - Wrist shot by Josef Vasicek.
17:11 of 1st period - Stopped by Brian Elliott without a rebound.
17:12 of 1st period - Steven Reinprecht wins face-off versus Josef Vasicek in Penguins zone.
17:19 of 1st period - Mark Bell is hit by Steven Reinprecht and loses puck.
17:27 of 1st period - Off-side.
17:28 of 1st period - Eric Staal wins face-off versus Ryan Kesler in neutral zone.
17:37 of 1st period - Wrist shot by Eric Staal.
17:37 of 1st period - Shot Misses the Net.
18:15 of 1st period - Snap shot by Ted Purcell.
18:15 of 1st period - Shot Misses the Net.
18:17 of 1st period - Slapshot by Brooks Orpik.
18:17 of 1st period - Shot Misses the Net.
18:19 of 1st period - Slapshot by Steve Staios.
18:19 of 1st period - Stopped by Pekka Rinne with a rebound.
18:21 of 1st period - Backhand shot by Steve Staios.
18:21 of 1st period - Stopped by Pekka Rinne with a rebound.
18:23 of 1st period - Slapshot by Brooks Orpik.
18:23 of 1st period - Shot Misses the Net.
18:25 of 1st period - Snap shot by Mike Watt.
18:25 of 1st period - Stopped by Pekka Rinne without a rebound.
18:26 of 1st period - Eric Staal wins face-off versus Ryan Kesler in Flames zone.
18:29 of 1st period - Wrist shot by Ryan Kesler.
18:29 of 1st period - Stopped by Pekka Rinne with a rebound.
18:31 of 1st period - Slapshot by Ryan Kesler.
18:31 of 1st period - Stopped by Pekka Rinne with a rebound.
18:33 of 1st period - Snap shot by Taylor Pyatt.
18:33 of 1st period - Shot Misses the Net.
19:16 of 1st period - Snap shot by Mike Watt.
19:16 of 1st period - Shot Misses the Net.
19:18 of 1st period - Slapshot by Dennis Seidenberg.
19:18 of 1st period - Shot Misses the Net.
19:20 of 1st period - Wrist shot by Mike Watt.
19:20 of 1st period - Shot Misses the Net.
19:22 of 1st period - Slapshot by Carlo Colaiacovo.
19:22 of 1st period - Deflect By Mike Watt.
19:22 of 1st period - Shot Misses the Net.
19:22 of 1st period - Puck is out of play.
19:23 of 1st period - Darren Reid wins face-off versus Eric Staal in Flames zone.
19:51 of 1st period - Snap shot by Steven Reinprecht.
19:51 of 1st period - Stopped by Pekka Rinne without a rebound.
19:52 of 1st period - Steven Reinprecht wins face-off versus Josef Vasicek in Flames zone.
19:53 of 1st period - Snap shot by Ville Peltonen.
19:53 of 1st period - Stopped by Pekka Rinne without a rebound.
19:54 of 1st period - Eric Staal wins face-off versus Steven Reinprecht in Flames zone.
19:59 of 1st period - Ville Peltonen is hit by Alexander Semin and loses puck.
Goals for this period are 0 for Flames vs 0 for Penguins.
Shots for this period are 8 for Flames vs 11 for Penguins.
2nd period
0:01 of 2nd period - Ryan Kesler wins face-off versus Eric Staal in neutral zone.
0:28 of 2nd period - Slapshot by Jere Lehtinen.
0:28 of 2nd period - Shot Misses the Net.
0:34 of 2nd period - Wrist shot by Steven Reinprecht.
0:34 of 2nd period - Stopped by Pekka Rinne without a rebound.
0:35 of 2nd period - Ryan Kesler wins face-off versus Milan Hejduk in Flames zone.
1:32 of 2nd period - Slapshot by Jere Lehtinen.
1:32 of 2nd period - Shot Misses the Net.
1:34 of 2nd period - Slapshot by Tom Preissing.
1:34 of 2nd period - Stopped by Pekka Rinne with a rebound.
2:25 of 2nd period - Minor Penalty to Mark Bell for Hooking.
2:26 of 2nd period - Michal Handzus wins face-off versus Ryan Kesler in Flames zone.
2:42 of 2nd period - Slapshot by Darren Reid.
2:42 of 2nd period - Shot Misses the Net.
2:52 of 2nd period - Steve Staios is hit by Michal Handzus and loses puck.
4:25 of 2nd period - Penalty to Mark Bell is over, Mark Bell is back on ice.
5:45 of 2nd period - Tom Preissing is hit by Derek Meech and loses puck.
6:07 of 2nd period - Ted Purcell is hit by David Backes and loses puck.
6:14 of 2nd period - Carlo Colaiacovo is hit by Ron Hainsey and loses puck.
7:12 of 2nd period - Tom Preissing is hit by Eric Staal and loses puck.
7:31 of 2nd period - Wrist shot by Josef Vasicek.
7:31 of 2nd period - Stopped by Brian Elliott with a rebound.
7:49 of 2nd period - Dennis Seidenberg is hit by Petr Schastlivy and loses puck.
7:54 of 2nd period - Snap shot by David Backes.
7:54 of 2nd period - Shot Misses the Net.
9:23 of 2nd period - Derek Meech is hit by Ted Purcell and loses puck.
9:59 of 2nd period - Ville Peltonen is hit by Mark Bell and loses puck.
10:06 of 2nd period - Slapshot by Mark Bell.
10:06 of 2nd period - Goal by Mark Bell - Flames : 1 - Penguins : 0.
10:07 of 2nd period - Eric Staal wins face-off versus Ryan Kesler in neutral zone.
10:10 of 2nd period - Snap shot by Eric Staal.
10:10 of 2nd period - Stopped by Brian Elliott without a rebound.
10:11 of 2nd period - Eric Staal wins face-off versus Ryan Kesler in Penguins zone.
10:12 of 2nd period - Wrist shot by Alexander Semin.
10:12 of 2nd period - Shot Misses the Net.
10:14 of 2nd period - Snap shot by Alexander Semin.
10:14 of 2nd period - Shot Misses the Net.
10:16 of 2nd period - Wrist shot by Milan Hejduk.
10:16 of 2nd period - Shot Misses the Net.
10:18 of 2nd period - Slapshot by Niklas Kronwall.
10:18 of 2nd period - Deflect By Eric Staal.
10:18 of 2nd period - Stopped by Brian Elliott without a rebound.
10:19 of 2nd period - Ryan Kesler wins face-off versus Eric Staal in Penguins zone.
10:19 of 2nd period - Taylor Pyatt and Niklas Kronwall fight to a draw.
10:19 of 2nd period - Penalty to Taylor Pyatt for Fighting.
10:19 of 2nd period - Penalty to Niklas Kronwall for Fighting.
10:19 of 2nd period - Penalty to Niklas Kronwall for instigated a fight.
10:19 of 2nd period - Penalty to Niklas Kronwall for instigated a fight.
10:20 of 2nd period - Michal Handzus wins face-off versus Ryan Kesler in Penguins zone.
10:29 of 2nd period - Snap shot by Mike Leclerc.
10:29 of 2nd period - Stopped by Brian Elliott without a rebound.
10:30 of 2nd period - Michal Handzus wins face-off versus Ryan Kesler in Penguins zone.
10:33 of 2nd period - Backhand shot by Mike Leclerc.
10:33 of 2nd period - Shot Misses the Net.
10:35 of 2nd period - Slapshot by Steve Eminger.
10:35 of 2nd period - Shot Misses the Net.
10:37 of 2nd period - Slapshot by Ron Hainsey.
10:37 of 2nd period - Stopped by Brian Elliott with a rebound.
10:39 of 2nd period - Slapshot by Ron Hainsey.
10:39 of 2nd period - Stopped by Brian Elliott without a rebound.
10:40 of 2nd period - Michal Handzus wins face-off versus Ryan Kesler in Penguins zone.
11:49 of 2nd period - Darren Reid is hit by Jordin Tootoo.
12:00 of 2nd period - Icing by Ville Peltonen.
12:01 of 2nd period - Steven Reinprecht wins face-off versus Eric Staal in Penguins zone.
12:19 of 2nd period - Penalty to Niklas Kronwall is over, Jordin Tootoo is send on ice.
12:34 of 2nd period - Wrist shot by Jordin Tootoo.
12:34 of 2nd period - Deflect By Michal Handzus.
12:34 of 2nd period - Stopped by Brian Elliott without a rebound.
12:35 of 2nd period - Ted Purcell wins face-off versus Alexander Semin in Penguins zone.
12:44 of 2nd period - Slapshot by Dan Hamhuis.
12:44 of 2nd period - Shot Blocked by François Beauchemin.
12:46 of 2nd period - Slapshot by Ryan Kesler.
12:46 of 2nd period - Stopped by Pekka Rinne without a rebound.
12:47 of 2nd period - Alexander Semin wins face-off versus Ryan Kesler in Flames zone.
12:47 of 2nd period - Alexander Semin is hit by Ted Purcell.
13:01 of 2nd period - Snap shot by Ryan Kesler.
13:01 of 2nd period - Stopped by Pekka Rinne with a rebound.
13:11 of 2nd period - Eric Staal is hit by Andy Sutton and loses puck.
13:39 of 2nd period - Off-side.
13:40 of 2nd period - Denis Arkhipov wins face-off versus Michal Handzus in neutral zone.
13:55 of 2nd period - Snap shot by Denis Arkhipov.
13:55 of 2nd period - Stopped by Pekka Rinne without a rebound.
13:56 of 2nd period - Josef Vasicek wins face-off versus Ryan Kesler in Flames zone.
14:03 of 2nd period - Snap shot by Josef Vasicek.
14:03 of 2nd period - Deflect By Mark Bell.
14:03 of 2nd period - Stopped by Brian Elliott without a rebound.
14:04 of 2nd period - Josef Vasicek wins face-off versus Ryan Kesler in Penguins zone.
14:07 of 2nd period - Wrist shot by Mark Bell.
14:07 of 2nd period - Deflect By Josef Vasicek.
14:07 of 2nd period - Shot Blocked by Darren Reid.
14:07 of 2nd period - Puck is out of play.
14:08 of 2nd period - Ryan Kesler wins face-off versus Eric Staal in Penguins zone.
14:24 of 2nd period - Wrist shot by Alexander Semin.
14:24 of 2nd period - Shot Blocked by Brooks Orpik.
14:34 of 2nd period - Snap shot by Josef Vasicek.
14:34 of 2nd period - Shot Blocked by Darren Reid.
14:36 of 2nd period - Backhand shot by Jordin Tootoo.
14:36 of 2nd period - Deflect By Ted Purcell.
14:36 of 2nd period - Shot Misses the Net.
14:36 of 2nd period - Puck is out of play.
14:37 of 2nd period - Steven Reinprecht wins face-off versus Josef Vasicek in Penguins zone.
15:05 of 2nd period - Minor Penalty to Eric Staal for Holding.
15:06 of 2nd period - Ryan Kesler wins face-off versus Michal Handzus in Flames zone.
15:10 of 2nd period - Snap shot by Ted Purcell.
15:10 of 2nd period - Shot Blocked by Michal Handzus.
15:12 of 2nd period - Wrist shot by Ted Purcell.
15:12 of 2nd period - Stopped by Pekka Rinne with a rebound.
15:14 of 2nd period - Slapshot by Steve Staios.
15:14 of 2nd period - Shot Blocked by Ron Hainsey.
15:16 of 2nd period - Wrist shot by Ted Purcell.
15:16 of 2nd period - Goal by Ted Purcell - Flames : 1 - Penguins : 1.
15:17 of 2nd period - Eric Staal wins face-off versus Ryan Kesler in neutral zone.
15:24 of 2nd period - Wrist shot by Alexander Semin.
15:24 of 2nd period - Shot Misses the Net.
15:59 of 2nd period - Minor Penalty to Steve Staios for Cross-checking.
16:00 of 2nd period - David Backes wins face-off versus Ryan Kesler in Penguins zone.
16:21 of 2nd period - Dan Hamhuis is hit by David Backes and loses puck.
17:59 of 2nd period - Penalty to Steve Staios is over, Steve Staios is back on ice.
18:34 of 2nd period - Steve Eminger is hit by Steven Reinprecht and loses puck.
Goals for this period are 1 for Flames vs 1 for Penguins.
Shots for this period are 9 for Flames vs 7 for Penguins.
3rd period
0:01 of 3rd period - Ryan Kesler wins face-off versus Eric Staal in neutral zone.
0:10 of 3rd period - Snap shot by Ryan Kesler.
0:10 of 3rd period - Shot Blocked by François Beauchemin.
0:19 of 3rd period - 10 Minutes Game Misconduct Penalty to Niklas Kronwall is over.
0:26 of 3rd period - Steven Reinprecht is hit by Michal Handzus and loses puck.
0:31 of 3rd period - Slapshot by Petr Schastlivy.
0:31 of 3rd period - Stopped by Brian Elliott with a rebound.
0:33 of 3rd period - Wrist shot by David Backes.
0:33 of 3rd period - Deflect By Petr Schastlivy.
0:33 of 3rd period - Shot Misses the Net.
0:33 of 3rd period - Puck is out of play.
0:34 of 3rd period - Taylor Pyatt wins face-off versus Michal Handzus in Penguins zone.
0:34 of 3rd period - Taylor Pyatt is hit by Michal Handzus.
0:37 of 3rd period - Icing by Dan Hamhuis.
0:38 of 3rd period - Taylor Pyatt wins face-off versus Michal Handzus in Penguins zone.
1:07 of 3rd period - Snap shot by Eric Staal.
1:07 of 3rd period - Stopped by Brian Elliott with a rebound.
1:28 of 3rd period - Icing by Steve Eminger.
1:29 of 3rd period - Josef Vasicek wins face-off versus Denis Arkhipov in Flames zone.
1:50 of 3rd period - Niklas Kronwall is hit by Mike Watt and loses puck.
2:25 of 3rd period - Slapshot by Jordin Tootoo.
2:25 of 3rd period - Stopped by Brian Elliott with a rebound.
3:05 of 3rd period - Slapshot by Steve Eminger.
3:05 of 3rd period - Deflect By Jordin Tootoo.
3:05 of 3rd period - Shot Misses the Net.
3:05 of 3rd period - Puck is out of play.
3:06 of 3rd period - Ryan Kesler wins face-off versus Eric Staal in Penguins zone.
3:12 of 3rd period - Snap shot by Alexander Semin.
3:12 of 3rd period - Shot Misses the Net.
3:14 of 3rd period - Slapshot by Milan Hejduk.
3:14 of 3rd period - Shot Misses the Net.
3:16 of 3rd period - Snap shot by François Beauchemin.
3:16 of 3rd period - Deflect By Dan Hamhuis.
3:16 of 3rd period - Stopped by Brian Elliott without a rebound.
3:17 of 3rd period - Eric Staal wins face-off versus Ryan Kesler in Penguins zone.
3:18 of 3rd period - Slapshot by Alexander Semin.
3:18 of 3rd period - Stopped by Brian Elliott with a rebound.
3:28 of 3rd period - Snap shot by Eric Staal.
3:28 of 3rd period - Stopped by Brian Elliott with a rebound.
3:49 of 3rd period - Slapshot by Steven Reinprecht.
3:49 of 3rd period - Goal by Steven Reinprecht - Flames : 1 - Penguins : 2.
3:50 of 3rd period - Ryan Kesler wins face-off versus Eric Staal in neutral zone.
4:48 of 3rd period - Wrist shot by Branko Radivojevic.
4:48 of 3rd period - Shot Misses the Net.
5:10 of 3rd period - Wrist shot by Ryan Kesler.
5:10 of 3rd period - Shot Blocked by Ron Hainsey.
5:23 of 3rd period - Andrej Sekera is hit by Brooks Orpik and loses puck.
5:39 of 3rd period - Minor Penalty to Alexander Semin for Cross-checking.
5:40 of 3rd period - Ryan Kesler wins face-off versus Michal Handzus in Flames zone.
5:56 of 3rd period - Snap shot by Ryan Kesler.
5:56 of 3rd period - Stopped by Pekka Rinne without a rebound.
5:57 of 3rd period - Ville Peltonen wins face-off versus Michal Handzus in Flames zone.
6:02 of 3rd period - Snap shot by Ville Peltonen.
6:02 of 3rd period - Stopped by Pekka Rinne without a rebound.
6:03 of 3rd period - Michal Handzus wins face-off versus Steven Reinprecht in Flames zone.
6:03 of 3rd period - Michal Handzus is hit by Brooks Orpik.
6:29 of 3rd period - Steve Eminger is hit by Steven Reinprecht and loses puck.
6:42 of 3rd period - Wrist shot by Jere Lehtinen.
6:42 of 3rd period - Shot Misses the Net.
6:44 of 3rd period - Snap shot by Jere Lehtinen.
6:44 of 3rd period - Goal by Jere Lehtinen - Flames : 1 - Penguins : 3.
6:45 of 3rd period - Ryan Kesler wins face-off versus Eric Staal in neutral zone.
6:58 of 3rd period - Slapshot by Brooks Orpik.
6:58 of 3rd period - Stopped by Pekka Rinne without a rebound.
6:59 of 3rd period - Eric Staal wins face-off versus Ryan Kesler in Flames zone.
6:59 of 3rd period - Eric Staal is hit by Steve Staios.
7:07 of 3rd period - Alexander Semin is hit by Darren Reid and loses puck.
7:47 of 3rd period - Wrist shot by Jordin Tootoo.
7:47 of 3rd period - Shot Misses the Net.
7:49 of 3rd period - Snap shot by Jordin Tootoo.
7:49 of 3rd period - Shot Misses the Net.
7:51 of 3rd period - Snap shot by Jordin Tootoo.
7:51 of 3rd period - Goal by Jordin Tootoo - Flames : 2 - Penguins : 3.
7:52 of 3rd period - Ryan Kesler wins face-off versus Eric Staal in neutral zone.
7:57 of 3rd period - Snap shot by Brooks Orpik.
7:57 of 3rd period - Stopped by Pekka Rinne with a rebound.
8:29 of 3rd period - Slapshot by Mark Bell.
8:29 of 3rd period - Stopped by Brian Elliott without a rebound.
8:30 of 3rd period - Steven Reinprecht wins face-off versus Eric Staal in Penguins zone.
8:46 of 3rd period - Wrist shot by Milan Hejduk.
8:46 of 3rd period - Stopped by Brian Elliott with a rebound.
9:06 of 3rd period - Ted Purcell is hit by Steve Eminger.
9:10 of 3rd period - François Beauchemin is hit by Denis Arkhipov and loses puck.
9:27 of 3rd period - Andrej Sekera is hit by Andy Sutton and loses puck.
9:42 of 3rd period - Jere Lehtinen is hit by Branko Radivojevic and loses puck.
10:04 of 3rd period - Jere Lehtinen is hit by Milan Hejduk.
11:45 of 3rd period - Carlo Colaiacovo is hit by Milan Hejduk and loses puck.
12:30 of 3rd period - Slapshot by Petr Schastlivy.
12:30 of 3rd period - Shot Blocked by Dan Hamhuis.
12:44 of 3rd period - Branko Radivojevic is hit by Dan Hamhuis and loses puck.
13:02 of 3rd period - Dainius Zubrus is hit by Jordin Tootoo and loses puck.
13:17 of 3rd period - Brooks Orpik is hit by Branko Radivojevic and loses puck.
13:36 of 3rd period - Ryan Kesler is hit by Petr Schastlivy and loses puck.
14:08 of 3rd period - Snap shot by Darren Reid.
14:08 of 3rd period - Shot Blocked by Milan Hejduk.
14:10 of 3rd period - Slapshot by Ryan Kesler.
14:10 of 3rd period - Shot Misses the Net.
14:39 of 3rd period - Wrist shot by Taylor Pyatt.
14:39 of 3rd period - Deflect By Darren Reid.
14:39 of 3rd period - Shot Misses the Net.
14:39 of 3rd period - Puck is out of play.
14:40 of 3rd period - Denis Arkhipov wins face-off versus Michal Handzus in Flames zone.
14:47 of 3rd period - Snap shot by Mike Watt.
14:47 of 3rd period - Stopped by Pekka Rinne without a rebound.
14:48 of 3rd period - Michal Handzus wins face-off versus Denis Arkhipov in Flames zone.
15:16 of 3rd period - Backhand shot by Ted Purcell.
15:16 of 3rd period - Shot Misses the Net.
15:18 of 3rd period - Slapshot by Steve Staios.
15:18 of 3rd period - Deflect By Petr Schastlivy.
15:18 of 3rd period - Stopped by Pekka Rinne without a rebound.
15:19 of 3rd period - Eric Staal wins face-off versus Steven Reinprecht in Flames zone.
15:19 of 3rd period - Eric Staal is hit by Jere Lehtinen.
15:33 of 3rd period - Wrist shot by Jere Lehtinen.
15:33 of 3rd period - Stopped by Pekka Rinne with a rebound.
15:35 of 3rd period - Wrist shot by Ville Peltonen.
15:35 of 3rd period - Shot Blocked by Andrej Sekera.
16:09 of 3rd period - Minor Penalty to Denis Arkhipov for Hooking.
16:10 of 3rd period - Eric Staal wins face-off versus Ryan Kesler in Penguins zone.
16:56 of 3rd period - Icing by François Beauchemin.
16:57 of 3rd period - Eric Staal wins face-off versus Taylor Pyatt in Flames zone.
17:02 of 3rd period - Jere Lehtinen is hit by David Backes and loses puck.
17:23 of 3rd period - Snap shot by Josef Vasicek.
17:23 of 3rd period - Stopped by Brian Elliott without a rebound.
17:24 of 3rd period - Ryan Kesler wins face-off versus Alexander Semin in Penguins zone.
18:09 of 3rd period - Penalty to Denis Arkhipov is over, Denis Arkhipov is back on ice.
18:49 of 3rd period - Michal Handzus is hit by Ville Peltonen.
19:06 of 3rd period - Tom Preissing is hit by Eric Staal and loses puck.
19:09 of 3rd period - Flames, Pekka Rinne is pulled from the net.
19:27 of 3rd period - Snap shot by Eric Staal.
19:27 of 3rd period - Deflect By Milan Hejduk.
19:27 of 3rd period - Shot Misses the Net.
19:27 of 3rd period - Puck is out of play.
19:28 of 3rd period - Lindy Ruff call a timeout for Flames.
19:28 of 3rd period - Ryan Kesler wins face-off versus Eric Staal in Penguins zone.
19:46 of 3rd period - Snap shot by Alexander Semin.
19:46 of 3rd period - Stopped by Brian Elliott with a rebound.
Goals for this period are 1 for Flames vs 2 for Penguins.
Shots for this period are 11 for Flames vs 9 for Penguins.
Output by the SimonT Hockey Simulator (STHS) for François Prévost -- Original Page W3C XHTML 1.0 Valid